cohdb
Replays
Latest Replays
All Replays
Popular Replays
Top Player Replays
Match Explorer
How It Works
Community
CoH3 Stats
Reddit
Sign in to upload your games and track your stats! →
Sign in with Steam
First ranked game
Match 31131484
Overview
Messages
Build Orders
End
Engineer Squad
Selects Armored Battlegroup
Selects Assault Engineers
Construct Barracks
Riflemen Squad
1⁄4-ton 4x4 Truck
Construct Medical Station
Construct Weapon Support Center
Riflemen Squad
Grenade Package
Selects Fast Deploy
Mechanized Support Center
Riflemen Squad
Construct Motor Pool
Riflemen Squad
Riflemen Squad
Scout Squad
Scout Squad
M24 Chaffee Light Tank
M1 Anti-tank Gun Team
SVIATOI
littleconlife512
0
0
Comments
sign in to comment!
No comments posted yet!